 Dungeon Crawl Stone Soup version 0.31-a0-232-gb1c03b2570 (webtiles) character file.

Game seed: 16830144425396503649

103 qw the Shooter (level 4, -2/36 HPs)
             Began as a Minotaur Hexslinger on July 7, 2023.
             Slain by a hobgoblin
             ... wielding a +0 club
              (5 damage)
             ... on level 2 of the Dungeon.
             The game lasted 00:00:25 (1213 turns).

qw the Shooter (Minotaur Hexslinger)                Turns: 1213, Time: 00:00:25

Health: -2/36      AC:  4    Str: 13    XL:     4   Next: 51%
Magic:  4/4        EV: 12    Int: 10    God:
Gold:   90         SH:  0    Dex: 14    Spells: 4/5 levels left

rFire   . . .        Y - +2 sling
rCold   . . .        (no shield)
rNeg    . . .        d - +0 leather armour
rPois   .            g - +1 hat
rElec   .            (no cloak)
rCorr   .            (no gloves)
SInv    .            (no boots)
Will    .....        (no amulet)
Stlth   +            e - ring of protection from fire
HPRegen 0.26/turn    (no ring)
MPRegen 0.09/turn

%: no passive effects
@: no status effects
A: horns 2, retaliatory headbutt, heat vulnerability 1
a: no special abilities


You were on level 2 of the Dungeon.
You visited 1 branch of the dungeon, and saw 2 of its levels.

You collected 90 gold pieces.


Innate Abilities, Weirdness & Mutations

You have a pair of horns on your head.
You reflexively headbutt those who attack you in melee.
You are vulnerable to heat. (rF-)


   Skills:
 + Level 2.0 Fighting
 - Level 5.1 Ranged Weapons
 - Level 2.1 Dodging
 - Level 1.0 Spellcasting
 - Level 2.0 Hexes


You had 4 spell levels left.
You knew the following spells:

 Your Spells              Type           Power      Damage    Failure   Level
a - Slow                  Hex            16%        N/A       19%         1

Your spell library contained the following spells:

 Spells                   Type           Power      Damage    Failure   Level
 Inner Flame              Hex/Fire       2%         N/A       65%         3
 Portal Projectile        Hex/Tloc       4%         N/A       65%         3
 Cause Fear               Hex            2%         N/A       88%         4

Inventory:

Hand Weapons
 Y - a +2 sling (weapon)
Armour
 c - a +0 ring mail
 d - a +0 leather armour (worn)
 g - a +1 hat (worn)
Jewellery
 e - a ring of protection from fire (left hand)
Scrolls
 a - 2 scrolls of identify {unknown}
Potions
 b - a potion of lignification {unknown}
 f - a potion of attraction {unknown}
 j - a potion of berserk rage {unknown}
 k - 2 potions of mutation

Dungeon Overview and Level Annotations

Branches:
Dungeon (2/15)

Altars:


Message History

The sling bullet closely misses Natasha.
The sling bullet misses the cerulean imp.
You hear a shout!
A hobgoblin comes into view. It is wielding a +0 club.
Natasha barely misses you. You furiously retaliate!
You headbutt Natasha, but do no damage. The cerulean imp closely misses you.
You shoot a sling bullet. The sling bullet barely misses Natasha.
The sling bullet hits the cerulean imp!
The cerulean imp is severely wounded.
Natasha zaps a wand.
You resist with some effort.
The cerulean imp hits you but does no damage.
You shoot a sling bullet.
The sling bullet closely misses Natasha.
The sling bullet hits the cerulean imp.
The cerulean imp is almost dead.
Natasha barely misses you. You furiously retaliate!
You headbutt Natasha.
The cerulean imp hits you but does no damage.
You shoot a sling bullet. The sling bullet hits Natasha.
Natasha is almost dead.
Natasha claws you.
The cerulean imp hits you from afar with a +0 spear.
The hobgoblin drinks a potion.
The hobgoblin seems to grow stronger.
The cerulean imp hits you but does no damage.
Natasha casts a spell.
You shoot a sling bullet. The sling bullet hits Natasha.
You kill Natasha!
You feel Natasha's spirit has finally been put to rest.
The cerulean imp disappears in a puff of smoke! x2
The hobgoblin hits you with a +0 club!
Your Ranged Weapons skill increases to level 5!
You shoot a sling bullet. The sling bullet hits the hobgoblin.
The hobgoblin is moderately wounded.
The hobgoblin hits you with a +0 club. The hobgoblin hits you with a +0 club!
You shoot a sling bullet.
The sling bullet closely misses the hobgoblin.
The hobgoblin closely misses you.
You shoot a sling bullet.
The sling bullet closely misses the hobgoblin.
The hobgoblin hits you with a +0 club.
You die...

.....).h ...##... .#....
...#........ .#..#
......#.#.#.## .#..
.............). ...
.........<....# .. ..
..#...........# .# ....
..#...........###g#.....
..#.............@/......
<.#...............:.....
..##...........######.##
#..#.........(.#
#..#..........##
##............#
......%.......#
....#####...###
....###.....########


You could see a hobgoblin (strong).

Vanquished Creatures
  Natasha (thrice) (D:2)
  A worm (D:2)
  3 endoplasms (D:1)
  A giant cockroach (D:1)
  A goblin (D:2)
  4 hobgoblins
  A quokka (D:1)
  7 ball pythons
  A bat (D:2)
  3 frilled lizards
  2 kobolds
27 creatures vanquished.

Notes
Turn   | Place    | Note
-------+----------+-------------------------------------------
     0 | D:1      | qw the Minotaur Hexslinger began the quest for the Orb.
     0 | D:1      | Reached XP level 1. HP: 16/16 MP: 1/1
     0 | D:1      | 0 ||| qw: Version: 0.3-a-46-gb1f654a
     0 | D:1      | 0 ||| qw: Game counter: 2801
     0 | D:1      | 0 ||| qw: Melee chars always use a shield: true
     0 | D:1      | 0 ||| qw: God list: Okawaru
     0 | D:1      | 0 ||| qw: Allow faded altars: false
     0 | D:1      | 0 ||| qw: Do Orc after clearing Dungeon:15 true
     0 | D:1      | 0 ||| qw: Do second Lair branch before Depths: true
     0 | D:1      | 0 ||| qw: Lair rune preference: random
     0 | D:1      | 0 ||| qw: Goals: Normal
     0 | D:1      | 0 ||| PLANNING D:1-11
   175 | D:1      | Reached skill level 3 in Ranged Weapons
   184 | D:1      | Reached XP level 2. HP: 23/23 MP: 2/2
   846 | D:1      | 846 ||| UPGRADING to +0 leather armour.
   856 | D:1      | 856 ||| DROPPING +0 robe.
   857 | D:1      | 857 ||| UPGRADING to +1 hat.
   862 | D:1      | 862 ||| UPGRADING to ring of protection from fire.
   863 | D:1      | 863 ||| READING scroll labelled IDY PUERYIVUE.
   864 | D:1      | 864 ||| READING scroll labelled VETTU UDUTT.
   865 | D:1      | 865 ||| DRINKING 2 ruby potions.
   865 | D:1      | Gained mutation: You are vulnerable to heat. (rF-) [potion
                  | of mutation]
   866 | D:1      | 866 ||| DROPPING scroll of poison.
   899 | D:2      | Noticed Natasha
   907 | D:2      | HP: 5/24 [Natasha (5)]
   909 | D:2      | Killed Natasha
   910 | D:2      | Reached XP level 3. HP: 4/29 MP: 3/3
   911 | D:2      | Noticed Natasha
   912 | D:2      | 912 ||| FLEEEEING.
   914 | D:2      | 914 ||| STAIRDANCE
  1026 | D:2      | Killed Natasha
  1027 | D:2      | Reached skill level 4 in Ranged Weapons
  1061 | D:2      | Reached XP level 4. HP: 36/36 MP: 4/4
  1199 | D:2      | Noticed Natasha
  1210 | D:2      | Killed Natasha
  1211 | D:2      | Reached skill level 5 in Ranged Weapons
  1211 | D:2      | HP: 2/36 [hobgoblin/+0 club (8)]
  1213 | D:2      | Slain by a hobgoblin

Levels and vault maps discovered:
D:1:      dpeg_arrival_shelter, layout_basic, serial_bayou_ford_a,
          chequers_serial_rivers_micro_e, amcnicky_mini_corridor_feature
D:2:      layout_rooms, serial_glass, glass_columns_a, glass_columns_a,
          glass_columns_c, glass_columns_b, basic_altar, uniq_natasha

Skill      XL: |  1  2  3  4 |
---------------+-------------+-----
Ranged Weapons | 3 4 5 |  5.1
Fighting       | 2 |  2.0
Dodging        | |  2.1
Spellcasting   | |  1.0
Hexes          | |  2.0

Action                     |  1- 3 |  4- 6 || total
---------------------------+-------+-------++-------
   Fire: Sling             |    57 |    32 ||    89
    Use: Scroll            |     2 |       ||     2
         Potion            |     1 |       ||     1
 Armour: Robe              |     2 |       ||     2
         Leather armour    |     3 |     4 ||     7
  Dodge: Dodged            |    15 |     5 ||    20

Table legend:
 A = Non-vault XP
 B = Vault XP
 C = Vault XP percentage of total XP
 D = Non-vault monster count
 E = Vault monster count
 F = Vault count percentage of total count
                 A         B        C        D         E       F
            +---------+---------+-------+---------+---------+-------
      Total |     113 |      35 |  23.6 |      26 |       1 |   3.7
            +---------+---------+-------+---------+---------+-------
        D:1 |      24 |       0 |   0.0 |      15 |       0 |   0.0
        D:2 |      89 |      35 |  28.2 |      11 |       1 |   8.3
            +---------+---------+-------+---------+---------+-------
